 Dungeon Crawl Stone Soup version 0.30-a0-777-ga9a30cbeda (webtiles) character file.

Game seed: 1899298143660855307

681 Zenkrye the Poker (level 7, -1/52 HPs)
             Began as a Human Cinder Acolyte on Feb 13, 2023.
             Was a High Priest of Ignis.
             Shot with a bolt by an orc warrior (8 damage)
             ... on level 4 of the Dungeon.
             The game lasted 00:17:18 (4430 turns).

Zenkrye the Poker (Human Cinder Acolyte)            Turns: 4430, Time: 00:17:19

Health: -1/52      AC: 16    Str: 16 (17) XL:     7   Next: 92%
Magic:  10/10      EV:  4    Int: 11 (14) God:    Ignis [*****.]
Gold:   191        SH:  5    Dex:  6 (8)  Spells: 5/10 levels left

rFire   + . .      SeeInvis .    a - +0 spear (flame)
rCold   + . .      Faith    .    e - +0 kite shield
rNeg    + . .      Spirit   .    q - +8 chain mail "Vonkio Uzyup" {rC+ rN+}
rPois   .          Reflect  .    (no helmet)
rElec   .          Harm     .    (no cloak)
rCorr   .          Rampage  .    (no gloves)
Will    .....                    (no boots) Stlth
                                 (no amulet)
HPRegen 0.28/turn                (no ring)
MPRegen 0.12/turn                (no ring)

@: no status effects
A: no striking features
a: Renounce Religion, Fiery Armour, Foxfire Swarm, Rising Flame


You were on level 4 of the Dungeon.
You worshipped Ignis.
Ignis was extremely pleased with you.
You visited 1 branch of the dungeon, and saw 5 of its levels.

You collected 191 gold pieces.

Inventory:

Hand Weapons
 a - a +0 spear of flaming (weapon)
 i - a +0 sling
 s - the +6 mace of Rounuas {flame, rC+ Int+2 Dex+3}
   (You found it on level 3 of the Dungeon)

   Int:       It affects your intelligence (+2).
   Dex:       It affects your dexterity (+3).
   rC:        It protects you from cold.
Missiles
 f - 11 poisoned darts (quivered)
 u - 6 javelins
Armour
 b - a +0 robe
 c - a +0 plate armour
 e - a +0 kite shield (worn)
 k - a +1 ring mail
 m - an orb of light
 q - the +8 chain mail "Vonkio Uzyup" (worn) {rC+ rN+}
   (You found it on level 3 of the Dungeon)

   rC:        It protects you from cold.
   rN:        It protects you from negative energy.
Magical Staves
 y - a staff of fire
Scrolls
 d - a scroll of enchant weapon
 n - a scroll of teleportation {@r3}
Potions
 g - a potion of flight {unknown}
 h - a potion of brilliance
 l - 3 potions of degeneration
 o - a potion of attraction
 p - a potion of ambrosia {unknown}
 t - a potion of haste {unknown}
 v - a potion of heal wounds {unknown}
 w - a potion of invisibility {unknown}
 x - a potion of cancellation {unknown}


   Skills:
 - Level 3.0 Fighting
 + Level 7.3 Polearms
 + Level 0.0 Armour
 + Level 0.0 Shields
 - Level 2.0 Spellcasting
 - Level 5.0 Fire Magic


You had 5 spell levels left.
You knew the following spells:

 Your Spells              Type           Power      Damage    Failure   Level
a - Scorch                Fire           24%        2d6       99%         2
b - Kindle Blastsparks    Fire/Tloc/Air  8%         2d10      100%        3

Your spell library contained the following spells:

 Spells                   Type           Power      Damage    Failure   Level
 Beastly Appendage        Tmut           2%         N/A       100%        1
 Sandblast                Erth           2%         2d4       100%        1
 Blink                    Tloc           2%         N/A       100%        2
 Cigotuvi's Dreadful Rot  Necr/Pois/Air  2%         N/A       100%        2
 Lesser Beckoning         Tloc           2%         N/A       100%        2
 Momentum Strike          Conj/Tloc      2%         3d8       100%        2
 Passwall                 Tmut/Erth      0%         N/A       100%        2
 Wereblood                Tmut           1%         N/A       100%        2
 Dazzling Flash           Conj/Hex       2%         N/A       100%        3
 Spider Form              Tmut/Pois      1%         N/A       100%        3
 Stone Arrow              Conj/Erth      2%         3d7       100%        3
 Dispel Undead            Necr           1%         3d6       100%        4
 Fulminant Prism          Conj/Hex       0%         3d5       100%        4
 Iskenderun's Mystic Bla  Conj/Tloc      1%         2d3       100%        4
 Agony                    Necr           1%         N/A       100%        5
 Lee's Rapid Deconstruct  Erth           0%         3d4*      100%        5
 Silence                  Hex/Air        0%         N/A       100%        5
 Death Channel            Necr           0%         N/A       100%        6


Dungeon Overview and Level Annotations

Branches:
Dungeon (5/15)
 Temple: D:4-7

Altars:
Hepliaklqana
Ru
Xom

Shops:
D:2 [


Message History

You see here a +0 club.
Things that are here:
a +0 robe; a +0 dagger
There is a stone staircase leading up here.
You climb upwards.
There is a stone staircase leading down here.
Things that are here:
a +0 chain mail; a +0 chain mail You start removing your armour.
You continue taking off your orb of light. x4
You finish taking off your orb of light.
You start putting on your armour.
You continue putting on your +0 kite shield. x3
HP restored.
You continue putting on your +0 kite shield. x2
You finish putting on your +0 kite shield.
Unknown command.
Unknown command.
Unknown command.
You climb downwards.
The orc warrior shoots a bolt.
The bolt hits you but does no damage.
The orc warrior shoots a bolt.
The bolt hits you but does no damage.
There is a stone staircase leading up here.
The orc warrior shoots a bolt.
The bolt hits you!
Things that are here:
a +0 robe; a +0 dagger The orc warrior shoots a bolt.
The bolt hits you!
You reach to attack!
You hit the orc warrior but do no damage.
The orc warrior shoots a bolt.
The bolt hits you!
You reach to attack!
You hit the orc warrior but do no damage.
The orc warrior shoots a bolt.
The bolt hits you!!
* * * LOW HITPOINT WARNING * * *
The orc warrior shoots a bolt.
The bolt hits you.
* * * LOW HITPOINT WARNING * * *
Things that are here:
a +0 robe; a +0 dagger The orc warrior shoots a bolt.
The bolt hits you!
You die...

#.####.......#.# 8.
#.# ###...###.# ..##
#.# #...###.# ... #.#
######..#######o####.
#.# #...^...........
#># #..#..###..####.
#.# ###.#.## #..##
### #.# #.....#
##(..#.... ..#
#....@###[....# ###
#.....[.)o...##
#.....####..##
#.....# #...# #######
#...!# #####.# ##


You could see an orc warrior.

Vanquished Creatures
  An ogre (D:4)
  A necrophage (D:5)
  A scorpion (D:5)
  A hound (D:4)
  An orc priest (D:4)
  A jelly (D:4)
  3 orc wizards
  5 iguanas
  3 gnolls (D:5)
  5 adders
  2 white imps (D:5)
  An ufetubus (D:5)
  9 orcs
  A bat (D:1)
  6 endoplasms
  5 giant cockroaches
  11 goblins
  6 hobgoblins
  8 jackals
  8 kobolds
  4 quokkas
  8 ball pythons
  6 frilled lizards
  5 rats
102 creatures vanquished.

Notes
Turn   | Place    | Note
-------+----------+-------------------------------------------
     0 | D:1      | Zenkrye the Human Cinder Acolyte began the quest for the
                  | Orb.
     0 | D:1      | Reached XP level 1. HP: 18/18 MP: 2/2
   110 | D:1      | Reached XP level 2. HP: 11/24 MP: 3/3
   180 | D:1      | Learned a level 2 spell: Scorch
   546 | D:1      | Found a faded altar of an unknown god.
   739 | D:2      | Reached XP level 3. HP: 29/29 MP: 4/4
   774 | D:2      | Found Oqoenus's Antique Armour Shop.
   841 | D:2      | Reached skill level 4 in Polearms
   882 | D:2      | Found a shimmering altar of Xom.
   921 | D:2      | Reached XP level 4. HP: 34/35 MP: 6/6
  1422 | D:2      | Learned a level 3 spell: Kindle Blastsparks
  1733 | D:3      | Identified the +8 chain mail "Vonkio Uzyup" {rC+ rN+}
  1831 | D:3      | Found a sacrificial altar of Ru.
  1831 | D:3      | Found a hazy altar of Hepliaklqana.
  2009 | D:3      | Reached XP level 5. HP: 12/41 MP: 8/8
  2150 | D:3      | Identified the +6 mace of Rounuas {flame, rC+ Int+2 Dex+3}
  2255 | D:4      | Noticed an orc warrior
  2636 | D:4      | Reached XP level 6. HP: 44/47 MP: 9/9
  2652 | D:4      | Reached skill level 5 in Polearms
  3155 | D:4      | Noticed an ogre
  3162 | D:4      | Killed an ogre
  3163 | D:4      | Reached skill level 5 in Fire Magic
  3163 | D:4      | Reached XP level 7. HP: 52/52 MP: 10/10
  3316 | D:5      | Entered Level 5 of the Dungeon
  3549 | D:5      | Reached skill level 6 in Polearms
  3930 | D:5      | Reached skill level 7 in Polearms
  4430 | D:4      | Shot with a bolt by an orc warrior

Illustrated notes

Levels and vault maps discovered:
D:1:      dpeg_arrival_solitude, layout_rooms,
          hellmonk_ecumenical_altar_arch_garden, moated_statue
D:2:      layout_rooms, serial_shops, shop, basic_altar
D:3:      layout_basic, nicolae_overflow_two_pavilions
D:4:      cheibrodos_quashed, layout_loops_corners, guppyfry_early_orc_mine
D:5:      layout_gridville, grunt_decor_mini_mirrors, kennysheep_generic_room_5,
          uniq_pikel

Skill      XL: |  1  2  3  4  5  6  7 |
---------------+----------------------+-----
Polearms       | 4 5 7 |  7.3
Spellcasting   | 2 |  2.0
Fire Magic     | 4 5 |  5.0
Fighting       | |  3.0

Action                     |  1- 3 |  4- 6 |  7- 9 || total
---------------------------+-------+-------+-------++-------
  Melee: Spear             |   115 |   120 |   120 ||   355
   Fire: Sling             |       |    83 |     8 ||    91
  Throw: Dart              |       |     3 |     2 ||     5
   Cast: Scorch            |     4 |     4 |       ||     8
    Use: Scroll            |     2 |     5 |     2 ||     9
         Potion            |       |     1 |     6 ||     7
 Armour: Robe              |    22 |    13 |       ||    35
         Chain mail        |       |    60 |    76 ||   136
         Ring mail         |       |     3 |       ||     3
  Dodge: Dodged            |    77 |    62 |    32 ||   171

Table legend: (Time is in decaauts)
 A = Elapsed time spent in this place.
 B = Non-inter-level travel time spent in this place.
 C = Inter-level travel time spent in this place.
 D = Time resting spent in this place.
 E = Time spent auto-exploring this place.
 F = Levels seen in this place.
 G = Mean time per level.
                   A        B        C        D        E       F      G
               +--------+--------+--------+--------+--------+-----+--------+
         Total |   4456 |   4244 |    212 |    426 |   2743 |   5 |  891.2 |
       Dungeon |   4456 |   4244 |    212 |    426 |   2743 |   5 |  891.2 |
               +--------+--------+--------+--------+--------+-----+--------+

Top non-repeatable levels by time:
     D:4: 1268 daAuts
     D:3: 952 daAuts
     D:5: 816 daAuts
     D:1: 729 daAuts
     D:2: 688 daAuts
